Map: Primeval Wilds

Players

Nirst

  • Race: Terran Terran
  • Spawn Location: 6:00

Nezbeatbox

  • Race: Protoss Protoss
  • Spawn Location: 6:00

PsychoAnubis

  • Race: Protoss Protoss
  • League: Bronze
  • Spawn Location: 5:00

THEUSED

  • Race: Protoss Protoss
  • League: Silver
  • Spawn Location: 7:00

Infamous - Winner!

  • Race: Protoss Protoss
  • League: Silver
  • Spawn Location: 12:00

eLPlastico - Winner!

  • Race: Protoss Protoss
  • League: Gold
  • Spawn Location: 12:00

NastyBoogeR - Winner!

  • Race: Protoss Protoss
  • Spawn Location: 3:00

overlord - Winner!

  • Race: Protoss Protoss
  • Spawn Location: 9:00

VOD

Have the link to the VOD?

Description

Time

  • Played on: March 14, 2018, 2:01 p.m.
  • Length: 14:00
Show
View Real Time Build Order
Export as new Build Order

Nirst Terran 

Build Orders: MMM Bio 

Get SALT Encoding   

  12  0:01  SCV  
  13  0:13  SCV  
  14  0:22  Supply Depot  
  14  0:25  SCV  
  15  0:47  SCV  
  15  0:48  Supply Depot, Barracks  
  16  0:59  SCV  
  17  1:11  SCV  
  18  1:23  SCV  
  19  1:26  Refinery  
  19  1:28  Refinery  
  19  1:35  Barracks, SCV  
  20  1:45  Marine  
  21  1:47  SCV  
  22  2:00  SCV  
  23  2:03  Marine  
  23  2:05  Supply Depot  
  24  2:12  SCV  
  25  2:19  Barracks  
  26  2:24  Barracks Tech Lab, SCV  
  26  2:36  Barracks, SCV  
  27  2:37  Barracks Reactor  
  27  2:43  Supply Depot  
  27  2:53  Stimpack  
  27  3:09  Barracks Tech Lab  
  27  3:10  Barracks Reactor  
  27  3:11  Supply Depot  
  27  3:20  Reaper  
  27  3:21  Reaper x2  
  30  3:35  Barracks Reactor  
  28  3:52  Reaper  
  28  3:53  Marine x2  
  31  3:56  SCV  
  31  3:58  Reaper x2  
  34  4:11  Marine x2  
  34  4:14  Supply Depot  
  36  4:24  Marine  
  37  4:37  Command Center  
  37  4:50  Marine x2  
  39  4:54  Combat Shields  
  39  4:56  Supply Depot  
  39  5:11  Engineering Bay  
  39  5:14  Reaper x3  
  42  5:29  Marine x4  
  46  5:37  Engineering Bay  
  45  6:00  Marine x5  
  45  6:03  SCV  
  51  6:09  Supply Depot  
  51  6:15  SCV  
  52  6:27  Factory, SCV  
  53  6:37  Terran Infantry Weapons Level 1, Terran Infantry Armor Level 1  
  53  6:39  Supply Depot  
  53  6:40  SCV  
  54  6:49  Reaper x3  
  54  6:52  SCV  
  54  6:53  Reaper  
  59  7:04  SCV  
  60  7:09  Refinery  
  60  7:11  Refinery  
  60  7:16  SCV  
  60  7:19  Supply Depot  
  61  7:28  SCV  
  62  7:35  Reaper x3  
  62  7:36  Reaper x2  
  67  7:41  SCV  
  68  7:45  Starport  
  68  7:53  SCV  
  69  8:04  Reaper x2  
  69  8:05  SCV  
  72  8:07  Marine x4  
  72  8:08  Marine  
  77  8:17  SCV  
  78  8:25  Marine, Reaper x2  
  78  8:26  Reaper  
  82  8:27  Starport  
  82  8:28  Starport Tech Lab  
  82  8:29  SCV  
  83  8:34  Supply Depot  
  83  8:42  SCV  
  84  8:54  SCV  
  85  9:06  Armory  
  85  9:08  Barracks x2  
  85  9:40  High Capacity Fuel Tanks  
  85  9:42  Medivac x2  
  85  9:55  Marine x5  
  85  9:56  Marine  
  78  10:05  Barracks Reactor  
  70  10:08  Barracks Reactor  
  70  10:10  Barracks  
  70  10:11  Medivac  
  70  10:12  Medivac  
  66  10:21  Reaper x5  
  66  10:22  Reaper  
  70  10:28  Supply Depot  
  70  10:33  Terran Infantry Weapons Level 2  
  70  10:35  SCV  
  71  10:38  Terran Infantry Armor Level 2  
  71  10:47  SCV  
  72  10:56  Marine x3  
  72  10:57  Marine x7  
  70  10:58  Marine  
  77  11:14  Reaper x2  
  77  11:15  Marine x6, Reaper x2  
  77  11:16  Marine  
  88  11:32  Marine x2  
  88  11:33  Marine x4  
  88  11:34  Marine  
  90  11:46  Marine x3  
  90  11:47  Marine  
  55  11:50  Marine x2  
Show
View Real Time Build Order
Export as new Build Order

Nezbeatbox Protoss 

Build Orders:  

Get SALT Encoding   

  12  0:05  Probe (Chrono Boost)  
  13  0:17  Probe (Chrono Boost)  
  14  0:23  Probe (Chrono Boost)  
  15  0:33  Pylon  
  15  1:16  Probe  
  16  1:25  Gateway  
  16  1:26  Gateway  
  16  1:28  Gateway  
  16  1:30  Pylon  
  16  1:32  Gateway  
  16  1:37  Probe (Chrono Boost), Assimilator  
  18  1:48  Probe (Chrono Boost)  
  18  1:52  Probe (Chrono Boost)  
  19  2:27  Probe  
  20  2:37  Cybernetics Core  
  20  2:39  Probe  
  20  2:44  Pylon  
  21  2:50  Zealot x4  
  29  3:11  Warp Gate (Chrono Boost)  
  29  3:21  Assimilator  
  25  3:55  Stalker  
  23  3:56  Stalker  
  25  4:08  Forge  
  25  4:37  Stalker x3  
  25  4:38  Stalker  
  33  5:21  Protoss Ground Weapons Level 1  
  33  5:25  Stalker  
  33  5:26  Stalker x2  
  39  5:43  Pylon  
  39  5:45  Pylon  
  39  5:47  Pylon  
  39  5:49  Pylon  
  39  5:56  Pylon  
  39  5:58  Pylon  
  39  6:06  Nexus  
  39  6:10  Assimilator  
  39  6:15  Assimilator  
  39  6:20  Pylon  
  39  6:23  Pylon  
  39  7:01  Stalker x2  
  39  7:02  Stalker x2  
  47  7:14  Robotics Facility  
  47  7:18  Twilight Council  
  47  7:30  Robotics Facility  
  47  7:33  Robotics Facility  
  47  7:40  Robotics Facility  
  47  7:42  Probe (Chrono Boost)  
  49  7:52  Probe (Chrono Boost)  
  49  7:57  Probe (Chrono Boost)  
  50  8:07  Protoss Ground Weapons Level 2 (Chrono Boost)  
  45  9:11  Blink  
  43  9:27  Immortal x3  
  27  9:47  Probe (Chrono Boost)  
  28  9:57  Probe (Chrono Boost)  
  28  10:42  Immortal  
  36  10:56  Probe (Chrono Boost)  
  37  11:06  Probe (Chrono Boost)  
Show
View Real Time Build Order
Export as new Build Order

PsychoAnubis Protoss 

Build Orders:  

Get SALT Encoding   

  12  0:02  Probe (Chrono Boost)  
  13  0:12  Probe (Chrono Boost)  
  14  0:17  Probe (Chrono Boost)  
  15  0:34  Pylon  
  15  0:52  Probe  
  15  0:53  Forge  
  16  0:58  Gateway  
  16  1:06  Assimilator  
  16  1:10  Probe (Chrono Boost)  
  17  1:20  Probe (Chrono Boost)  
  17  1:25  Probe (Chrono Boost)  
  19  1:34  Photon Cannon  
  19  1:36  Probe  
  20  1:43  Photon Cannon  
  20  1:48  Probe  
  21  2:00  Probe  
  22  2:05  Pylon  
  22  2:20  Nexus  
  22  2:35  Photon Cannon  
  22  2:40  Photon Cannon  
  22  3:01  Cybernetics Core  
  22  3:03  Assimilator  
  22  3:22  Assimilator  
  23  3:27  Probe  
  23  3:35  Stalker (Chrono Boost)  
  23  3:39  Probe  
  26  3:53  Probe (Chrono Boost)  
  28  4:03  Probe (Chrono Boost)  
  28  4:08  Probe (Chrono Boost)  
  26  4:14  Pylon  
  27  4:19  Probe  
  28  4:24  Stalker (Chrono Boost)  
  30  4:31  Probe  
  31  4:43  Probe  
  31  4:44  Pylon  
  32  4:46  Stalker (Chrono Boost)  
  34  4:55  Probe  
  31  5:07  Probe  
  31  5:13  Stalker (Chrono Boost)  
  31  5:14  Probe  
  35  5:26  Probe  
  36  5:30  Photon Cannon  
  36  5:35  Stalker  
  36  5:38  Probe  
  39  5:50  Probe (Chrono Boost)  
  39  5:56  Probe (Chrono Boost)  
  41  6:01  Probe (Chrono Boost)  
  43  6:04  Probe (Chrono Boost)  
  43  6:06  Stargate  
  43  6:07  Probe (Chrono Boost)  
  43  6:08  Stargate  
  43  6:09  Probe (Chrono Boost)  
  45  6:12  Stargate  
  45  6:15  Stalker (Chrono Boost)  
  45  6:16  Probe  
  45  6:17  Pylon  
  48  6:20  Probe  
  49  6:25  Pylon  
  49  6:28  Probe  
  50  6:33  Probe  
  50  6:34  Photon Cannon  
  51  6:54  Photon Cannon  
  51  6:56  Void Ray  
  51  6:57  Void Ray x2  
  63  7:03  Probe (Chrono Boost)  
  64  7:10  Assimilator  
  64  7:13  Probe (Chrono Boost)  
  65  7:18  Probe (Chrono Boost)  
  66  7:41  Protoss Air Weapons Level 1  
  66  8:08  Void Ray x2 (Chrono Boost)  
  78  8:15  Void Ray (Chrono Boost)  
  78  8:51  Pylon  
  78  8:55  Pylon  
  78  8:58  Pylon  
  78  9:09  Probe, Void Ray  
  83  9:21  Probe  
  76  9:33  Probe (Chrono Boost)  
  76  9:35  Protoss Air Armor Level 1  
  65  9:43  Probe (Chrono Boost)  
  61  9:48  Probe (Chrono Boost)  
  48  10:00  Probe  
  30  10:18  Void Ray (Chrono Boost)  
  26  10:28  Probe, Void Ray x2 (Chrono Boost)  
  35  10:33  Probe  
  36  10:40  Probe  
  37  10:45  Probe  
  38  10:52  Probe  
  38  10:54  Void Ray  
  43  10:57  Probe  
  43  11:04  Probe, Void Ray x2  
  48  11:09  Probe  
  54  11:16  Probe  
  55  11:21  Probe  
Show
View Real Time Build Order
Export as new Build Order

THEUSED Protoss 

Build Orders:  

Get SALT Encoding   

  12  0:14  Pylon  
  12  0:18  Probe (Chrono Boost)  
  13  0:30  Probe (Chrono Boost)  
  14  0:43  Gateway  
  14  0:56  Forge  
  14  1:19  Assimilator  
  14  1:23  Probe (Chrono Boost)  
  14  1:24  Assimilator  
  16  1:34  Probe (Chrono Boost)  
  16  1:39  Probe (Chrono Boost), Cybernetics Core  
  17  1:50  Probe  
  18  2:02  Probe  
  18  2:04  Photon Cannon  
  19  2:26  Pylon  
  19  2:36  Stargate  
  19  2:42  Probe (Chrono Boost)  
  21  2:53  Probe (Chrono Boost), Photon Cannon  
  21  2:57  Probe (Chrono Boost)  
  22  3:08  Probe  
  23  3:20  Pylon  
  23  3:31  Fleet Beacon  
  20  4:13  Photon Cannon  
  20  4:18  Photon Cannon  
  20  4:33  Photon Cannon  
  20  4:42  Probe (Chrono Boost)  
  21  4:52  Probe (Chrono Boost)  
  22  4:57  Probe (Chrono Boost)  
  23  5:05  Stargate  
  23  5:08  Tempest (Chrono Boost)  
  29  5:44  Tempest (Chrono Boost)  
  29  6:09  Tempest (Chrono Boost)  
  35  8:10  Tempest (Chrono Boost)  
  35  8:21  Tempest (Chrono Boost)  
  35  8:35  Pylon  
  35  8:40  Pylon  
  35  8:52  Tempest (Chrono Boost), Nexus  
  41  8:55  Tempest (Chrono Boost)  
  36  9:57  Tempest (Chrono Boost)  
  30  10:41  Pylon  
  18  10:48  Photon Cannon  
  18  10:54  Photon Cannon  
  18  10:57  Photon Cannon  
  18  11:03  Pylon  
  18  11:07  Photon Cannon  
  18  11:12  Photon Cannon  
  17  11:37  Pylon  
  17  11:46  Pylon  
  17  11:59  Forge  
  17  12:01  Gateway  
  17  12:07  Pylon  
  17  12:37  Photon Cannon  
  17  12:40  Photon Cannon  
  17  12:43  Photon Cannon  
  17  12:51  Cybernetics Core  
Show
View Real Time Build Order
Export as new Build Order

Infamous Protoss - Winner!

Build Orders:  

Get SALT Encoding   

  12  0:03  Probe  
  13  0:18  Pylon  
  13  0:21  Probe (Chrono Boost)  
  14  0:33  Probe (Chrono Boost)  
  15  0:38  Gateway  
  15  0:42  Probe (Chrono Boost)  
  16  0:48  Probe  
  17  0:57  Assimilator  
  17  1:06  Probe (Chrono Boost)  
  18  1:16  Probe (Chrono Boost)  
  19  1:25  Cybernetics Core  
  19  1:26  Probe  
  20  1:36  Pylon  
  20  1:45  Probe  
  21  1:50  Assimilator  
  21  1:57  Gateway, Warp Gate (Chrono Boost)  
  21  1:59  Gateway  
  21  2:03  Probe  
  22  2:15  Probe  
  23  2:26  Pylon  
  23  2:34  Pylon  
  23  2:38  Probe  
  24  2:55  Probe  
  25  3:09  Pylon  
  25  3:27  Probe  
  26  3:34  Shield Battery  
  26  3:39  Probe  
  27  3:47  Stalker  
  27  3:48  Stalker x2  
  33  4:05  Probe  
  34  4:15  Nexus, Adept x3  
  40  4:17  Pylon  
  40  4:18  Pylon  
  40  4:25  Probe  
  41  4:31  Forge  
  41  4:58  Adept  
  43  5:00  Adept x2  
  41  5:13  Protoss Ground Weapons Level 1 (Chrono Boost)  
  41  5:22  Adept x2  
  41  5:23  Adept  
  47  5:31  Probe  
  47  5:32  Probe  
  45  5:46  Adept x3  
  41  6:23  Stalker  
  41  6:24  Stalker x2  
  43  6:35  Gateway x2, Assimilator  
  43  6:37  Probe x2, Gateway x2  
  43  6:39  Assimilator  
  45  6:54  Forge  
  45  6:58  Stalker  
  45  6:59  Stalker  
  49  7:14  Pylon  
  47  7:43  Stalker x2  
  47  7:44  Stalker x3  
  47  7:45  Stalker x2  
  45  7:52  Probe  
  45  7:53  Probe  
  45  7:58  Protoss Ground Armor Level 1 (Chrono Boost)  
  47  8:04  Protoss Shields Level 1 (Chrono Boost), Probe  
  43  8:12  Stalker  
  43  8:13  Stalker x3  
  43  8:14  Stalker  
  45  8:41  Stalker  
  45  8:42  Stalker x4  
  45  8:43  Stalker  
  53  9:01  Probe x2  
  55  9:23  Robotics Facility  
  55  9:25  Robotics Facility  
  55  9:31  Stalker x3  
  57  9:32  Stalker  
  57  9:33  Stalker  
  47  10:17  Twilight Council  
  47  10:24  Stalker x2  
  47  10:25  Stalker  
  47  10:27  Stalker x3  
  47  10:28  Stalker  
  37  11:07  Pylon  
  37  11:18  Templar Archives  
  37  11:19  Stalker  
  37  11:23  Stalker x4  
  37  11:24  Stalker x2  
  37  11:56  Sentry x4  
  37  11:57  Sentry  
  37  12:01  Zealot x2  
  51  12:10  Charge  
  51  12:50  Stalker  
  53  12:53  Stalker x2  
  53  12:55  Stalker  
  59  12:59  Zealot x2  
  59  13:00  Zealot  
  65  13:30  High Templar  
Show
View Real Time Build Order
Export as new Build Order

eLPlastico Protoss - Winner!

Build Orders:  

Get SALT Encoding   

  12  0:01  Probe  
  13  0:13  Probe  
  14  0:20  Pylon  
  14  0:25  Probe  
  15  0:38  Probe  
  16  0:45  Gateway  
  16  0:50  Probe  
  17  1:02  Probe  
  18  1:05  Gateway  
  18  1:07  Pylon  
  18  1:14  Probe, Assimilator  
  19  1:27  Probe  
  20  1:39  Cybernetics Core  
  20  1:47  Probe  
  20  1:53  Assimilator  
  21  1:54  Zealot  
  21  1:55  Zealot  
  21  2:00  Forge  
  25  2:14  Warp Gate (Chrono Boost)  
  25  2:27  Adept x2  
  29  2:58  Nexus  
  29  3:00  Pylon  
  29  3:04  Probe (Chrono Boost)  
  30  3:08  Twilight Council  
  30  3:26  Stalker  
  32  3:30  Stalker  
  30  3:47  Pylon  
  26  4:22  Nexus  
  26  4:23  Probe (Chrono Boost)  
  27  4:32  Adept x2  
  27  4:35  Probe (Chrono Boost)  
  32  4:40  Probe (Chrono Boost)  
  33  4:49  Probe  
  34  5:01  Stalker  
  34  5:02  Stalker  
  34  5:04  Probe x2 (Chrono Boost)  
  40  5:14  Probe x2 (Chrono Boost)  
  42  5:18  Probe (Chrono Boost)  
  42  5:21  Probe, Pylon  
  44  5:29  Protoss Ground Weapons Level 1  
  44  5:30  Probe  
  44  5:31  Stalker  
  44  5:32  Stalker  
  49  5:55  Sentry x2  
  53  5:58  Probe  
  54  6:04  Probe  
  54  6:09  Assimilator  
  54  6:10  Probe  
  54  6:11  Assimilator  
  56  6:14  Probe  
  56  6:16  Probe  
  58  6:22  Probe, Assimilator  
  58  6:25  Assimilator  
  59  6:26  Probe  
  59  6:28  Probe  
  59  6:29  Adept  
  63  6:34  Probe  
  63  6:38  Probe  
  65  6:41  Probe  
  65  6:46  Probe  
  65  6:52  Probe  
  65  6:53  Probe  
  65  6:54  Stalker x2  
  65  6:58  Probe  
  70  7:04  Probe  
  70  7:05  Probe  
  72  7:14  Gateway  
  72  7:15  Gateway  
  72  7:17  Gateway  
  72  7:20  Gateway  
  70  7:23  Pylon  
  70  7:25  Pylon  
  70  7:28  Pylon  
  64  8:17  Templar Archives  
  64  8:27  Stalker  
  64  8:28  Stalker x5  
  76  9:27  Stalker x3  
  76  9:28  Stalker x3  
  80  9:52  High Templar  
  76  9:53  High Templar x5  
  68  10:23  Archon x3  
  68  10:35  Gateway  
  68  10:40  Gateway  
  68  10:43  Gateway, Protoss Ground Weapons Level 2 (Chrono Boost)  
  68  10:45  Gateway, Psionic Storm, Charge  
  66  10:51  Pylon  
  66  10:52  Pylon  
  66  10:53  Pylon  
  66  10:54  Pylon  
  66  10:56  Pylon  
  66  10:59  Gateway  
  66  11:05  Zealot x5  
  66  11:06  Zealot  
  76  11:26  Zealot  
  76  11:27  Zealot x5  
  76  11:28  Nexus  
  88  11:37  Nexus  
  88  12:01  Stalker  
  88  12:02  Stalker x5  
  100  12:13  Gateway  
  100  12:17  Pylon, Zealot  
  100  12:18  Zealot x4  
  110  12:28  Zealot  
  110  12:29  Zealot x5  
  122  12:42  Forge  
  122  12:50  Robotics Facility  
  122  12:52  Pylon  
Show
View Real Time Build Order
Export as new Build Order

NastyBoogeR Protoss - Winner!

Build Orders: Nexus First, Carrier Rush 

Get SALT Encoding   

  12  0:04  Probe (Chrono Boost)  
  13  0:14  Probe (Chrono Boost)  
  14  0:19  Probe (Chrono Boost)  
  15  0:53  Nexus  
  15  1:04  Pylon  
  15  1:07  Assimilator  
  15  1:13  Assimilator  
  15  1:22  Probe  
  16  1:31  Gateway  
  16  1:37  Probe (Chrono Boost)  
  16  1:39  Assimilator  
  18  1:48  Probe (Chrono Boost)  
  18  1:52  Probe (Chrono Boost)  
  19  2:06  Probe (Chrono Boost)  
  19  2:07  Probe (Chrono Boost)  
  23  2:16  Probe (Chrono Boost)  
  23  2:17  Probe (Chrono Boost)  
  23  2:23  Probe (Chrono Boost)  
  23  2:24  Probe (Chrono Boost)  
  23  2:29  Cybernetics Core  
  25  2:35  Assimilator  
  25  2:39  Probe  
  25  2:42  Probe  
  27  2:51  Probe  
  28  2:54  Probe  
  29  3:03  Probe  
  30  3:06  Probe  
  31  3:16  Stargate  
  31  3:22  Probe (Chrono Boost)  
  32  3:32  Pylon, Probe (Chrono Boost)  
  32  3:33  Probe (Chrono Boost)  
  34  3:39  Probe (Chrono Boost)  
  36  3:41  Probe (Chrono Boost)  
  36  3:48  Probe (Chrono Boost)  
  37  3:51  Probe (Chrono Boost)  
  37  3:53  Probe  
  39  4:00  Probe  
  39  4:02  Fleet Beacon  
  40  4:08  Stargate  
  40  4:19  Pylon  
  40  4:24  Stargate  
  40  4:28  Pylon  
  40  4:33  Pylon  
  40  4:41  Pylon  
  40  4:50  Carrier (Chrono Boost)  
  40  4:54  Carrier (Chrono Boost)  
  52  5:07  Carrier (Chrono Boost)  
  58  5:18  Graviton Catapult  
  58  5:34  Probe  
  59  5:38  Probe  
  60  5:46  Pylon  
  60  5:48  Pylon  
  60  5:50  Probe  
  61  6:05  Carrier (Chrono Boost)  
  61  6:09  Carrier (Chrono Boost)  
  73  6:22  Carrier (Chrono Boost)  
  79  7:09  Pylon  
  79  7:12  Pylon  
  79  7:16  Pylon  
  79  7:24  Carrier  
  79  7:25  Forge  
  79  7:27  Protoss Air Weapons Level 1 (Chrono Boost)  
  79  7:28  Carrier  
  91  7:32  Pylon  
  91  7:41  Carrier  
  97  7:48  Protoss Shields Level 1  
  97  8:48  Pylon  
  97  8:49  Carrier  
  97  8:51  Pylon  
  97  8:53  Carrier  
  109  8:57  Pylon  
  109  9:00  Protoss Air Weapons Level 2 (Chrono Boost)  
  109  9:07  Carrier  
  97  10:15  Carrier  
  97  10:42  Carrier x2  
  109  11:39  Carrier (Chrono Boost)  
  115  12:04  Carrier (Chrono Boost)  
  115  12:05  Carrier (Chrono Boost)  
  145  13:27  Pylon  
  145  13:30  Pylon  
Show
View Real Time Build Order
Export as new Build Order

overlord Protoss - Winner!

Build Orders:  

Get SALT Encoding   

  12  0:05  Probe (Chrono Boost)  
  13  0:17  Pylon  
  13  0:58  Probe (Chrono Boost)  
  14  1:09  Gateway  
  14  1:10  Probe (Chrono Boost)  
  15  1:13  Forge  
  15  1:15  Probe (Chrono Boost)  
  16  1:24  Probe  
  16  1:25  Pylon  
  17  1:34  Assimilator  
  17  1:36  Probe  
  18  1:40  Pylon  
  18  1:45  Assimilator  
  18  1:48  Probe  
  19  2:00  Probe  
  20  2:15  Pylon  
  20  2:39  Zealot  
  20  2:43  Probe (Chrono Boost), Pylon  
  23  2:51  Photon Cannon  
  23  2:54  Probe (Chrono Boost)  
  24  2:58  Probe (Chrono Boost)  
  25  3:06  Pylon  
  25  3:09  Probe  
  26  3:15  Photon Cannon  
  26  3:20  Photon Cannon  
  26  3:22  Probe  
  26  3:23  Pylon  
  27  3:38  Photon Cannon  
  27  3:51  Photon Cannon  
  27  3:54  Pylon  
  27  4:15  Photon Cannon  
  27  4:23  Cybernetics Core  
  27  4:36  Gateway  
  27  4:49  Probe (Chrono Boost)  
  28  4:59  Probe (Chrono Boost)  
  29  5:04  Probe (Chrono Boost)  
  29  5:06  Robotics Facility  
  30  5:15  Photon Cannon  
  30  5:24  Shield Battery  
  30  5:27  Stalker  
  32  5:41  Stalker  
  34  5:47  Stargate  
  34  6:04  Nexus  
  34  6:12  Pylon  
  34  6:20  Stalker  
  36  6:38  Oracle  
  39  6:45  Stargate  
  39  6:49  Stargate  
  39  6:52  Pylon  
  39  7:01  Assimilator  
  39  7:35  Stalker  
  37  7:40  Void Ray x2  
  37  7:41  Void Ray  
  49  7:46  Probe (Chrono Boost)  
  50  7:54  Assimilator  
  50  7:56  Probe (Chrono Boost)  
  50  7:57  Photon Cannon  
  51  8:04  Stalker  
  51  8:23  Photon Cannon  
  51  8:37  Probe (Chrono Boost)  
  53  8:49  Probe (Chrono Boost)  
  53  8:52  Observer  
  53  8:54  Probe (Chrono Boost), Protoss Air Weapons Level 1 (Chrono Boost)  
  55  8:58  Void Ray  
  55  8:59  Void Ray  
  63  9:03  Probe  
  64  9:16  Probe  
  50  9:54  Void Ray x2  
  50  9:55  Void Ray  
  62  10:07  Stargate  
  62  10:17  Probe (Chrono Boost)  
  63  10:27  Probe (Chrono Boost)  
  64  10:32  Probe (Chrono Boost)  
  65  10:38  Protoss Air Armor Level 1 (Chrono Boost)  
  65  10:43  Pylon, Probe  
  66  10:55  Probe  
  65  11:13  Protoss Shields Level 1  
  65  11:16  Void Ray x2  
  65  11:17  Void Ray  
  77  11:48  Pylon  
  77  11:55  Nexus  
  77  12:02  Pylon  
  77  12:08  Void Ray  
  81  12:18  Pylon  
  81  12:25  Photon Cannon  
  81  12:51  Void Ray  
  81  12:52  Void Ray  
  89  13:00  Assimilator  
  89  13:05  Assimilator  
  89  13:29  Fleet Beacon  
  89  13:41  Probe (Chrono Boost)  
  89  13:51  Probe (Chrono Boost)  
Tags
 
Add a new tag
Caveats
  • Supply blocks, unpowered buildings, or Contaminate may cause inaccurate times.
  • Supply counts are checked every 10 seconds.